 Dungeon Crawl Stone Soup version 0.19.1-1-g22dce08 (webtiles) character file.

65 galech the Shield-Bearer (level 4, -1/37 HPs)
             Began as a Formicid Fighter on Jan 6, 2017.
             Slain by Crazy Yiuf
             ... wielding a +2 quarterstaff of chaos
              (18 damage)
             ... on level 2 of the Dungeon.
             The game lasted 00:03:10 (1471 turns).

galech the Shield-Bearer (Formicid Fighter)         Turns: 1471, Time: 00:03:12

Health: -1/37      AC: 10    Str: 22    XL:     4   Next: 35%
Magic:  4/4        EV:  8    Int:  7    God:
Gold:   71         SH:  9    Dex: 10    Spells: 0 memorised, 3 levels left

rFire  . . .     SeeInvis +     a - +0 flail
rCold  . . .     Gourm    .     b - +0 scale mail
rNeg   . . .     Faith    .     c - +0 shield
rPois  .         Spirit   .     (helmet unavailable)
rElec  .         Reflect  .     j - +1 cloak
rCorr  .         Harm     .     (no gloves)
MR     .....                    e - +0 pair of boots
Stlth  ..........               (no amulet)
                                (no ring)
                                (no ring)

@: no status effects
A: permanent stasis, dig shafts and tunnels, four strong arms, antennae 3
a: Dig, Shaft Self


You were on level 2 of the Dungeon.
You were not hungry.

You visited 1 branch of the dungeon, and saw 2 of its levels.

You collected 71 gold pieces.

Inventory:

Hand Weapons
 a - a +0 flail (weapon)
Armour
 b - a +0 scale mail (worn)
 c - a +0 shield (worn)
 e - a +0 pair of boots (worn)
 j - a +1 cloak (worn)
Scrolls
 i - a scroll of recharging {unknown}
 k - a scroll of remove curse {unknown}
 m - a scroll of amnesia {unknown}
 n - 2 scrolls of teleportation {unknown}
 o - a scroll of fog {unknown}
 s - a scroll of enchant armour {unknown}
 u - 2 scrolls of magic mapping {unknown}
 v - a scroll of immolation {unknown}
Potions
 d - 2 potions of might
 p - a potion of mutation {unknown}
 q - a potion of cure mutation {unknown}
Comestibles
 f - 3 bread rations
 g - 2 chunks of flesh
 h - 2 meat rations
 l - a royal jelly
 r - 2 slices of pizza
 t - a beef jerky


   Skills:
 + Level 3.8 Fighting
 + Level 2.9 Maces & Flails
 + Level 3.5 Armour
 + Level 0.5 Dodging
 + Level 4.2 Shields


You had 3 spell levels left.
You didn't know any spells.

Dungeon Overview and Level Annotations

Branches:
Dungeon (2/15)

Altars:
Fedhas

Annotations:
D:2 Crazy Yiuf


Innate Abilities, Weirdness & Mutations

You are under a permanent stasis effect.
You can dig through walls and to a lower floor.
Your four strong arms can wield two-handed weapons with a shield.
You have a pair of large antennae on your head. (SInv)


Message History

Crazy Yiuf hits you with a quarterstaff of chaos.
Crazy Yiuf burns you.
You hit Crazy Yiuf but do no damage.
Crazy Yiuf hits you with a quarterstaff of chaos!
You block Crazy Yiuf's attack.
You hit Crazy Yiuf.
Crazy Yiuf is lightly wounded.
Crazy Yiuf hits you but does no damage.
Your scale mail prevents you from hitting Crazy Yiuf.
Crazy Yiuf is lightly wounded.
You block Crazy Yiuf's attack.
You hit Crazy Yiuf.
Crazy Yiuf is moderately wounded.
Crazy Yiuf whimpers, "Liver dark sizzlefizz!"
Crazy Yiuf hits you with a quarterstaff of chaos!
You completely miss Crazy Yiuf.
Crazy Yiuf is moderately wounded.
Crazy Yiuf hits you with a quarterstaff of chaos.
You are electrocuted!
You die...

#########.### ##'##
#...........#
##...##
#.###.###.#.#
#.....## #[# ###
##### #......## #
#.# #.......#### #.#
#.......'... #.###♣♣
##### #.......####
#..#..♣♣ ♣♣#..)#
#......## #
#......♣♣♣♣.'@g.#
#.....##
##......♣..♣#...#
##...##
###...♣.♣♣♣#####
##'## ##♣♣♣♣♣ #.#
#.# ######## ##.##
###
#......###...#####.#
######..............
#####...#####..


You could see Crazy Yiuf.

Vanquished Creatures
  An adder (D:2)
  2 worms (D:2)
  4 dart slugs (D:1)
  3 leopard geckos
  4 bats
  A giant cockroach (D:1)
  4 goblins
  4 hobgoblins
  3 jackals (D:1)
  2 kobolds (D:1)
  7 frilled lizards
  6 rats
41 creatures vanquished.

Notes
Turn   | Place    | Note
-------+----------+-------------------------------------------
     0 | D:1      | galech the Formicid Fighter began the quest for the Orb.
     0 | D:1      | Reached XP level 1. HP: 18/18 MP: 1/1
    54 | D:1      | Reached XP level 2. HP: 21/24 MP: 2/2
   329 | D:1      | Reached skill level 4 in Shields
   329 | D:1      | Reached XP level 3. HP: 15/29 MP: 3/3
  1069 | D:2      | Reached XP level 4. HP: 36/37 MP: 4/4
  1222 | D:2      | Found a blossoming altar of Fedhas.
  1460 | D:2      | Found a runed door.
  1464 | D:2      | Noticed Crazy Yiuf
  1471 | D:2      | Slain by Crazy Yiuf

Skill      XL: |  1  2 |
---------------+-------+-----
Shields        | 4 |  4.2
Fighting       | |  3.8
Maces & Flails | |  2.9
Armour         | |  3.5
Dodging        | |  0.5

Action                   |  1- 3 |  4- 6 || total
-------------------------+-------+-------++-------
Melee: Flail             |   105 |    41 ||   146
  Eat: Chunk             |     1 |     1 ||     2
Armor: Scale mail        |    41 |    18 ||    59
Dodge: Dodged            |    44 |    11 ||    55
Block: Shield            |    59 |    15 ||    74
